 Dungeon Crawl Stone Soup version 0.25-a0-591-g2ad0d861f1 (webtiles) character file.

Game seed: 9882342151542552557, levelgen mode: deterministic

42 Luthien the Conjurer (level 3, 0/19 HPs)
             Began as a Gargoyle Conjurer on Mar 13, 2020.
             Slain by a worm (9 damage)
             ... on level 2 of the Dungeon.
             The game lasted 00:05:47 (1594 turns).

Luthien the Conjurer (Gargoyle Conjurer)            Turns: 1594, Time: 00:05:48

Health: 0/19       AC:  5    Str: 11    XL:     3   Next: 56%
Magic:  0/6        EV: 12    Int: 16    God:
Gold:   42         SH:  0    Dex: 10    Spells: 3/6 levels left

rFire    . . .     SeeInvis .   e - +0 club
rCold    . . .     Gourm    .   (no shield)
rNeg     + . .     Faith    .   a - +0 robe
rPois    ∞         Spirit   .   (no helmet)
rElec    +         Reflect  .   (no cloak)
rCorr    .         Harm     .   (no gloves)
MR       .....                  (no boots)
Stlth    ++........             (no amulet)
HPRegen  0.06/turn              (no ring)
MPRegen  0.10/turn              (no ring)

@: no status effects
A: negative energy resistance 1, electricity resistance, unbreathing,
petrification resistance, rot immunity, AC +3
a: no special abilities


You were on level 2 of the Dungeon.
You were not hungry.

You visited 1 branch of the dungeon, and saw 2 of its levels.

You collected 42 gold pieces.

Inventory:

Hand Weapons
 e - a +0 club (weapon)
Missiles
 l - 11 sling bullets
Armour
 a - a +0 robe (worn)
Scrolls
 d - a scroll of magic mapping {unknown}
 h - a scroll of amnesia {unknown}
 k - a scroll of identify {unknown}
Potions
 b - 2 potions of curing {unknown}
 f - a potion of haste {unknown}
 g - a potion of magic {unknown}
 i - 2 potions of flight {unknown}
 j - a potion of heal wounds {unknown}
Comestibles
 c - 3 rations


   Skills:
 + Level 2.0 Dodging
 + Level 2.9 Stealth
 + Level 2.4 Spellcasting
 + Level 4.7 Conjurations


You had 3 spell levels left.
You knew the following spells:

 Your Spells              Type           Power        Failure   Level  Hunger
a - Magic Dart            Conj           ###.         2%          1    #......
b - Searing Ray           Conj           ###...       4%          2    ###....

Your spell library contained the following spells:

 Spells                   Type           Power        Failure   Level  Hunger
 Dazzling Flash           Conj/Hex       #.....       22%         3    ###....
 Fulminant Prism          Conj/Hex       #.........   58%         4    #####..
 Iskenderun's Mystic Bla  Conj/Tloc      #.......     58%         4    #####..


Dungeon Overview and Level Annotations

Branches:
Dungeon (2/15)

Altars:
Ashenzari


Innate Abilities, Weirdness & Mutations

You are resistant to torment.
Your stone body is resilient. (AC +3)
You are immune to poison.
You resist negative energy. (rN+)
You are resistant to electric shocks. (rElec)
You can survive without breathing.
You are immune to petrification.
You are immune to rotting.


Message History

You hit the worm but do no damage.
The worm is severely wounded.
The worm completely misses you.
Casting: Magic Dart (safe; 2% risk of failure)
Confirm with . or Enter, or press ? or * to list all spells.
Aiming: Magic Dart (safe; 2% risk of failure)
Press: ? - help, Shift-Dir - straight line, f/p - worm
Aim: a worm (heavily wounded)
The magic dart hits the worm.
The worm is severely wounded.
You hit the worm.
The worm is severely wounded.
The worm bites you but does no damage.
You completely miss the worm.
The worm is severely wounded.
The worm closely misses you.
You hit the worm but do no damage.
The worm is severely wounded.
The worm bites you!
You die...

#.....####.##### .#
#.###..........# .#
#.###.####.###.# .#
#######<##...###.###.###.#
#.............##.........#
#####.#####.#....#######.(..##
#........#......## ####.#
#.###.##.#..#<..# #.# #.#
#.##.#.....@# #.# #.#
#.##.#.####w# #.# #.# #..#.#.#
...# #.# #.# ##.#.#.. .....#
###.# #.###..#.###.......#
##.#.#
##........##.........####....#
...........+.........+.......##
#####...####.).......####>....#
##..# ##.##.#


You could see a worm.

Vanquished Creatures
  3 dart slugs (D:1)
  A ball python (D:1)
  5 giant cockroaches (D:1)
  3 goblins (D:1)
  7 hobgoblins (D:1)
  2 kobolds (D:1)
  5 bats
  A frilled lizard (D:1)
  6 rats (D:1)
33 creatures vanquished.

Notes
Turn   | Place    | Note
-------+----------+-------------------------------------------
     0 | D:1      | Luthien the Gargoyle Conjurer began the quest for the Orb.
     0 | D:1      | Reached XP level 1. HP: 10/10 MP: 3/3
   301 | D:1      | Reached XP level 2. HP: 15/15 MP: 0/5
   347 | D:1      | Learned a level 2 spell: Searing Ray
   666 | D:1      | You fall into a shaft and drop 1 floor!
   808 | D:1      | Found a shattered altar of Ashenzari.
   811 | D:1      | Reached XP level 3. HP: 19/19 MP: 3/6
  1594 | D:2      | Slain by a worm

Levels and vault maps discovered:
D:1:      psy_arrival_radial02, layout_basic, hangedman_decor_peaks_small,
          evilmike_ruin_ashenzari
D:2:      layout_loops_corners, makhleb_grotto_becter, old_standard_altar,
          uniq_jessica

Skill      XL: |  1  2  3 |
---------------+----------+-----
Dodging        | 2 |  2.0
Stealth        | |  2.9
Spellcasting   | |  2.4
Conjurations   | |  4.7

Action                   || total
-------------------------++-------
Melee: Unarmed           ||    10
       Club              ||    17
 Cast: Magic Dart        ||    70
       Searing Ray       ||     4
  Eat: Chunk             ||     3
Armor: Robe              ||     7
Dodge: Dodged            ||    18

Table legend:
 A = Non-vault XP
 B = Vault XP
 C = Vault XP percentage of total XP
 D = Non-vault monster count
 E = Vault monster count
 F = Vault count percentage of total count
                 A         B        C        D         E       F
            +---------+---------+-------+---------+---------+-------
      Total |      61 |       0 |   0.0 |      33 |       0 |   0.0
            +---------+---------+-------+---------+---------+-------
        D:1 |      60 |       0 |   0.0 |      32 |       0 |   0.0
        D:2 |       1 |       0 |   0.0 |       1 |       0 |   0.0
            +---------+---------+-------+---------+---------+-------
